 Dungeon Crawl Stone Soup version 0.30.0-16-gbe6223bb7e (webtiles) character file.

Game seed: 6621808468163234558

2536 browni3141 the Thaumaturge (level 9, -5/57 HPs)
             Began as a Mummy Summoner on May 21, 2023.
             Killed by divine providence
             ... invoked by an orc priest
              (16 damage)
             ... on level 7 of the Dungeon.
             The game lasted 00:10:40 (6273 turns).

browni3141 the Thaumaturge (Mummy Summoner)         Turns: 6273, Time: 00:10:41

Health: -5/57      AC: 10    Str: 11    XL:     9   Next: 30%
Magic:  28/30      EV: 12    Int: 18    God:
Gold:   53         SH:  6    Dex: 26    Spells: 15/24 levels left

rFire   x . .        S - +5 dagger "Ceunlom" {elec, *Noise rN+ MP+9 Dex+2}
rCold   + . .        R - +0 buckler
rNeg    + + +        G - +4 leather armour of Misanthropy {rPois rN+ Will- Dex+5}
rPois   ∞            T - +2 hat
rElec   .            (no cloak)
rCorr   .            (no gloves)
SInv    .            U - +0 pair of boots
Will    .....        (no amulet)
Stlth   +++          P - +6 ring of dexterity
HPRegen 0.29/turn    (no ring)
MPRegen 0.22/turn

%: faith
@: no status effects
A: cold resistance 1, negative energy resistance 3, torment resistance 2, heat
vulnerability 1, in touch with death 1, no potions, faith
a: no special abilities


You were on level 7 of the Dungeon.
You visited 1 branch of the dungeon, and saw 7 of its levels.
You also visited: Ossuary.

You collected 340 gold pieces.
You spent 287 gold pieces at shops.

Inventory:

Hand Weapons
 N - a +0 spear
 S - the +5 dagger "Ceunlom" (weapon) {elec, *Noise rN+ MP+9 Dex+2}
   (You found it on level 2 of the Dungeon)

   Dex:       It affects your dexterity (+2).
   rN:        It protects you from negative energy.
   MP:        It affects your magic capacity (+9).
   *Noise:    It may make noises in combat.
Missiles
 H - a curare-tipped dart
 J - 11 poisoned darts
 Z - 2 throwing nets
Armour
 a - a +0 robe
 E - a +0 cloak
 G - the +4 leather armour of Misanthropy (worn) {rPois rN+ Will- Dex+5}
   (You bought it in a shop on level 2 of the Dungeon)

   Dex:       It affects your dexterity (+5).
   rPois:     It protects you from poison.
   rN:        It protects you from negative energy.
   Will:      It decreases your willpower.
 R - a +0 buckler (worn)
 T - a +2 hat (worn)
 U - a +0 pair of boots (worn)
Magical Staves
 L - a staff of fire
Jewellery
 P - a +6 ring of dexterity (left hand)
Scrolls
 r - 3 scrolls of identify
 D - 2 scrolls of blinking
 F - a scroll of summoning
 I - 2 scrolls of noise
 K - a scroll of teleportation
 M - 2 scrolls of enchant weapon
 O - 2 scrolls of fear
 Q - 3 scrolls of vulnerability {unknown}
 V - 2 scrolls of torment {unknown}
 W - 2 scrolls of amnesia {unknown}
 X - a scroll of fog {unknown}
 Y - a scroll of brand weapon {unknown}


   Skills:
 - Level 3.0 Short Blades
 - Level 2.1 Dodging
 - Level 2.2 Stealth
 - Level 3.0 Shields
 + Level 8.3 Spellcasting
 * Level 8.2 Summonings


You had 15 spell levels left.
You knew the following spells:

 Your Spells              Type           Power      Damage    Failure   Level
a - Call Canine Familiar  Summ           37%        N/A       1%          3
g - Summon Guardian Gole  Hex/Summ       22%        N/A       10%         3
x - Call Imp              Summ           74%        N/A       1%          2
z - Summon Small Mammal   Summ           100%       N/A       1%          1

Your spell library contained the following spells:

 Spells                   Type           Power      Damage    Failure   Level
 Foxfire                  Conj/Fire      28%        2x1d5     19%         1
 Freeze                   Ice            28%        1d5       19%         1
 Shock                    Conj/Air       28%        1d4       19%         1
 Summon Lightning Spire   Summ/Air       22%        N/A       32%         4
 Frozen Ramparts          Ice            14%        1d3       47%         3
 Hailstorm                Conj/Ice       7%         3d4       47%         3
 Swiftness                Air            7%         N/A       47%         3
 Airstrike                Air            3%         2d(1-17)  87%         4
 Manifold Assault         Tloc           7%         N/A       87%         4
 Fireball                 Conj/Fire      3%         3d4       99%         5
 Dispersal                Tloc           3%         N/A       100%        6
 Plasma Beam              Fire/Air       3%         2x1d15    100%        6
 Starburst                Conj/Fire      3%         6d3       100%        6
 Disjunction              Tloc           3%         N/A       100%        8


Dungeon Overview and Level Annotations

Branches:
Dungeon (7/15)            Ossuary (visited)
 Temple: D:4-7

Altars:
Ashenzari
Makhleb
Xom

Shops:
D:2 **   D:5 ?


Innate Abilities, Weirdness & Mutations

You are immune to poison.
Your flesh is cold resistant. (rC+)
You are immune to negative energy. (rN+++)
You are immune to unholy pain and torment.
You are vulnerable to heat. (rF-)
You are in touch with the powers of death.
You do not drink.
You have a special connection with the divine. (Faith)


Message History

The black bear barely misses your cerulean imp.
The black bear misses your cerulean imp.
The gnoll misses your cerulean imp.
Your cerulean imp hits the gnoll with a -1 spear.
The gnoll hits you with a +0 flail!
The orc priest closely misses your cerulean imp.
The gnoll closely misses your cerulean imp.
The gnoll barely misses your cerulean imp.
The black bear closely misses your cerulean imp.
The black bear claws your cerulean imp.
The black bear closely misses your cerulean imp.
Your cerulean imp barely misses the gnoll.
You swap places.
The gnoll hits your guardian golem with a +0 flail.
The orc priest hits your cerulean imp with a +0 club.
Something closely misses your cerulean imp.
The gnoll closely misses your cerulean imp.
Something bites your cerulean imp!
Something closely misses your cerulean imp.
Something claws your cerulean imp.
Your cerulean imp dies!
Your cerulean imp disappears in a puff of smoke!
The orc priest casts a cantrip, but nothing happens.
The gnoll hits your guardian golem with a +0 flail!
The gnoll hits your guardian golem with a +0 flail!
Your guardian golem overheats!
Something hits your guardian golem! Flame seeps out of your guardian golem.
Your guardian golem is engulfed in blazing flames.
Flame seeps out of your guardian golem.
The gnoll hits your guardian golem with a +0 flail!
Flame seeps out of your guardian golem.
Your guardian golem is engulfed in blazing flames.
Your guardian golem disappears in a puff of smoke!
Your guardian golem explodes!
The fiery explosion engulfs the gnoll!!
The gnoll dies!
Casting: Summon Guardian Golem (dangerous; 11% risk of failure)
Confirm with . or Enter, or press ? or * to list all spells.
You miscast Summon Guardian Golem.
You are very lightly contaminated with residual magic.
Nothing appears to happen.
Casting: Summon Guardian Golem (dangerous; 11% risk of failure)
Confirm with . or Enter, or press ? or * to list all spells.
A guardian golem appears, shielding your allies.
What are your orders? t - Shout!
Orders for allies: a - Attack new target. r - Retreat! s - Stop attacking. g - Guard the area. f - Follow me.
Anything else - Cancel.
Gang up on whom?
Press: ? - help, Dir - move target, f - gnoll
Aim: a gnoll, wielding a +0 spear (moderately wounded) Attack!
The orc priest looks braver for a moment.
You block the gnoll's attack. You block the gnoll's attack.
The orc priest miscasts a cantrip.
You hit the gnoll.
The gnoll is severely wounded.
The orc priest invokes the aid of Beogh against you.
Beogh smites you! The gnoll hits you with a +0 spear.
A jelly comes into view.
You are too injured to fight recklessly!
You are too injured to fight recklessly!
Unknown command.
You hit the gnoll.
You kill the gnoll!
The orc priest begins to cast a cantrip, but forgets the words!
The gnoll hits you with a +0 flail.
You hit the gnoll. Lightning courses through the gnoll!
You kill the gnoll!
Your guardian golem is engulfed in blazing flames.
The orc priest hits your guardian golem but does no damage.
Your magical contamination has completely faded away.
The orc priest hits your guardian golem but does no damage.
The orc priest hits your guardian golem but does no damage.
The orc priest miscasts a cantrip.
The black bear is engulfed in blazing flames.
You hit the jelly. Lightning courses through the jelly!
You kill the jelly!
The orc priest casts a cantrip, but nothing happens.
The black bear is engulfed in blazing flames.
The black bear dies!
The orc priest hits your guardian golem but does no damage.
The orc priest calls down the wrath of Beogh upon you.
Beogh smites you!
* * * LOW HITPOINT WARNING * * *
The orc priest hits your guardian golem but does no damage.
The orc priest hits your guardian golem with a +0 club.
The orc priest hits your guardian golem but does no damage.
The orc priest hits your guardian golem but does no damage.
The orc priest looks encouraged for a moment.
There is a stone staircase leading up here.
The orc priest calls down the wrath of Beogh upon you.
Beogh smites you!
* * * LOW HITPOINT WARNING * * *
The orc priest invokes the aid of Beogh against you.
Beogh smites you!
You die...

# #...#.....##..........##......
..##.......####..................
..............##....9.oo###.#####
..##..####.....)...oo...###.# .
#..## #.<..#..........#
#...###.....<.........#
#...#...................##
###..####.#................# #..
#.###..@............ #.# #.#
###...........## .. #.#
##............ ... .).
............. .... ..#
##............ ###. ..#
#........... #..........
#.........


You could see 3 orc priests, an orc and a friendly guardian golem (summoned).

Vanquished Creatures
  Pikel (D:4)
  Sigmund (D:5)
  Menkaure (D:5)
  2 ice beasts
  An ogre (D:5)
  A lemure (D:4)
  3 phantoms
  A kobold brigand (D:6)
  A scorpion (D:6)
  2 howler monkeys
  A centaur zombie (Ossuary)
  2 hounds
  A jelly (D:7)
  A sleepcap (D:6)
  An iguana (D:5)
  A mummy (Ossuary)
  6 gnolls
  4 adders
  An ufetubus (D:4)
  2 adder zombies (Ossuary)
  4 dart slugs
  5 orcs
  3 ball pythons
  6 bats
  2 giant cockroaches
  3 goblins
  4 hobgoblins
  A jackal (D:1)
  5 kobolds
  3 quokkas
  A goblin zombie (Ossuary)
  6 hobgoblin zombies (Ossuary)
  A jackal zombie (Ossuary)
  4 kobold zombies (Ossuary)
  11 orc zombies (Ossuary)
  4 rats
  A rat zombie (Ossuary)
98 creatures vanquished.

Vanquished Creatures (collateral kills)
  Prince Ribbit (D:5)
  2 ogres
  An elf zombie (Ossuary)
  A hound (D:6)
  Terence (D:2)
  An orc wizard (D:6)
  An iguana (D:6)
  A mummy (Ossuary)
  3 gnolls
  An adder (D:2)
  A worm (D:2)
  3 orcs (D:6)
  4 ball pythons
  A bat (D:1)
  4 endoplasms
  A giant cockroach (D:1)
  3 hobgoblins (D:1)
  4 jackals (D:1)
  A quokka (D:1)
  A frilled lizard (D:1)
  2 goblin zombies (Ossuary)
  4 hobgoblin zombies (Ossuary)
  A kobold (D:2)
  2 kobold zombies (Ossuary)
  An orc zombie (Ossuary)
  3 rats
49 creatures vanquished.

Vanquished Creatures (others)
  A black bear (D:7)
  A gnoll (D:7)
2 creatures vanquished.

Grand Total: 149 creatures vanquished

Notes
Turn   | Place    | Note
-------+----------+-------------------------------------------
     0 | D:1      | browni3141 the Mummy Summoner began the quest for the Orb.
     0 | D:1      | Reached XP level 1. HP: 13/13 MP: 4/4
   263 | D:1      | Reached XP level 2. HP: 13/19 MP: 2/5
   277 | D:1      | Reached skill level 3 in Spellcasting
   280 | D:1      | Learned a level 2 spell: Call Imp
   682 | D:1      | Gained mutation: You are in touch with the powers of death.
                  | [Mummy growth]
   682 | D:1      | Reached XP level 3. HP: 24/24 MP: 4/7
  1154 | D:2      | Found Puxt's Assorted Antiques.
  1156 | D:2      | Found Emyuny's General Store.
  1178 | D:2      | Bought a scroll of fear for 52 gold pieces
  1354 | D:2      | Learned a level 3 spell: Call Canine Familiar
  1385 | D:2      | Found a faded altar of an unknown god.
  1602 | D:2      | Noticed Terence
  1617 | D:2      | Killed Terence
  1618 | D:2      | Reached XP level 4. HP: 15/30 MP: 4/9
  1767 | D:2      | Identified the +5 dagger "Ceunlom" {elec, *Noise rN+ MP+9
                  | Dex+2}
  2609 | D:3      | Found a hazy altar of Hepliaklqana.
  2611 | D:3      | Found a shimmering altar of Xom.
  2611 | D:3      | Found a shimmering altar of Xom.
  2613 | D:3      | Found an opulent altar of Gozag.
  2613 | D:3      | Found a shimmering blue altar of Sif Muna.
  2613 | D:3      | Found a shadowy altar of Dithmenos.
  2997 | D:4      | Found a burning altar of Makhleb.
  2999 | D:4      | Noticed a phantom
  3022 | D:4      | Killed a phantom
  3023 | D:4      | Reached XP level 5. HP: 31/35 MP: 11/11
  3268 | D:4      | Noticed a lemure
  3269 | D:4      | Noticed a lemure
  3270 | D:4      | Noticed Pikel
  3271 | D:4      | Noticed a lemure
  3274 | D:4      | Noticed a lemure
  3279 | D:4      | Killed a lemure
  3289 | D:4      | Learned a level 3 spell: Summon Guardian Golem
  3334 | D:4      | Killed Pikel
  3335 | D:4      | Reached XP level 6. HP: 15/41 MP: 8/13
  3335 | D:4      | Reached XP level 7. HP: 17/46 MP: 8/14
  3848 | D:4      | Reached skill level 3 in Short Blades
  4076 | D:2      | Bought an ichor-stained leather armour for 161 gold pieces
  4076 | D:2      | Identified the +4 leather armour of Misanthropy {rPois rN+
                  | Will- Dex+5} (You bought it in a shop on level 2 of the
                  | Dungeon)
  4076 | D:2      | Bought a scroll labelled KEASHU HAECOERPHOC for 23 gold
                  | pieces
  4129 | D:5      | Entered Level 5 of the Dungeon
  4150 | D:5      | Noticed Menkaure
  4161 | D:5      | Killed Menkaure
  4162 | D:5      | Reached skill level 3 in Shields
  4188 | D:5      | Reached XP level 8. HP: 43/52 MP: 16/16
  4277 | D:5      | Reached skill level 6 in Spellcasting
  4317 | D:5      | Found Jampeqoy's Magic Scroll Boutique.
  4331 | D:5      | Reached skill level 6 in Summonings
  4438 | D:5      | Noticed Sigmund
  4455 | D:5      | Killed Sigmund
  4721 | D:5      | Noticed Prince Ribbit
  4746 | D:5      | Killed Prince Ribbit
  5205 | D:2      | Bought a scroll labelled LIZERIHUDA for 23 gold pieces
  5292 | D:5      | Bought a scroll of identify for 28 gold pieces
  5362 | D:6      | Found a sand-covered staircase.
  5367 | Ossuary  | Entered an ossuary
  5692 | D:6      | Found a broken altar of Ashenzari.
  5696 | D:6      | Saw a vision of the Swamp and the Snake Pit.
  5696 | D:6      | Noticed an eleionoma
  5696 | D:6      | Noticed a bog body
  5696 | D:6      | Noticed a naga ritualist
  5696 | D:6      | Noticed a spriggan druid
  5696 | D:6      | Noticed a black mamba
  5696 | D:6      | Noticed a naga warrior
  5697 | D:6      | Noticed a goliath frog
  5697 | D:6      | Noticed a mana viper
  5698 | D:6      | Noticed a guardian serpent
  5701 | D:6      | Noticed a naga sharpshooter
  5725 | D:6      | Reached XP level 9. HP: 41/57 MP: 20/20
  6273 | D:7      | Killed from afar by an orc priest

Illustrated notes

Levels and vault maps discovered:
D:1:      evilmike_arrival_hilbert_curve, layout_loops_ring
D:2:      layout_rooms, hellmonk_ecumenical_altar_arch_garden, serial_shops,
          nicolae_shop_tiny_glass, shop, minmay_door_square, uniq_terence
D:3:      layout_loops_corners, doesnt_xom_only_xom
D:4:      layout_basic, general_overflow_altar, uniq_pikel
D:5:      layout_loops_ring, serial_shops, shop, uniq_menkaure,
          uniq_prince_ribbit1, uniq_sigmund
D:6:      layout_rooms, grunt_ashenzari_visionary
          [grunt_ashenzari_visionary_swamp, grunt_ashenzari_visionary_snake],
          nicolae_ossuary_entry_false_entrances
D:7:      layout_rooms, minmay_temple_entry_mini_moons

Skill      XL: |  1  2  3  4  5  6  7  8  9 |
---------------+----------------------------+-----
Spellcasting   | 3 4 5 7 8 |  8.3
Stealth        | 2 |  2.2
Dodging        | 2 |  2.1
Summonings     | 4 5 7 8 |  8.2
Short Blades   | 1 2 3 |  3.0
Shields        | 1 2 3 |  3.0

Action                     |  1- 3 |  4- 6 |  7- 9 || total
---------------------------+-------+-------+-------++-------
  Melee: Unarmed           |    20 |       |       ||    20
         Staff             |    67 |       |       ||    67
         Punch             |     2 |       |       ||     2
         Spear             |    32 |    17 |       ||    49
         Dagger            |       |    69 |   207 ||   276
   Cast: Summon Small Mamm |    13 |       |       ||    13
         Call Imp          |    19 |    11 |    15 ||    45
         Call Canine Famil |     1 |     1 |    10 ||    12
         Summon Guardian G |       |     3 |     2 ||     5
    Use: Scroll            |       |       |     5 ||     5
   Stab: Sleeping          |     3 |     2 |     3 ||     8
         Distracted        |     3 |       |     6 ||     9
 Armour: Robe              |    28 |    14 |     8 ||    50
         Leather armour    |       |       |    58 ||    58
  Dodge: Dodged            |    75 |    54 |   102 ||   231
  Block: Buckler           |       |    16 |    59 ||    75
